[Event "XVII Orsha-2019 Open"]
[Site "Orsha"]
[Date "2019.01.21"]
[Round "6.18"]
[White "Kuleshov, Konstantin"]
[Black "Grigoryan, Aram"]
[Result "1-0"]
[ECO "A61"]
[WhiteElo "2098"]
[BlackElo "1786"]
[PlyCount "93"]
[EventDate "2019.01.18"]
[EventType "swiss"]
[EventCountry "BLR"]
[TimeControl "5400+30"]

1. d4 Nf6 2. c4 c5 3. d5 e6 4. Nc3 exd5 5. cxd5 d6 6. Bf4 g6 7. e3 a6 8. a4 Bg7 9. h3 O-O 10. Nf3 Re8 11. Nd2 Nh5 12. Bh2 Be5 13. Bxe5 Rxe5 14. Be2 Ng7 15. Nc4 Re8 16. O-O Qc7 17. Bd3 f5 18. e4 f4 19. e5 dxe5 20. d6 Qd8 21. Nd5 Nc6 22. Nc7 Bd7 23. Be4 Kh8 24. Re1 Qg5 25. Nxa8 Rxa8 26. Nb6 Rd8 27. Nxd7 Rxd7 28. Bxc6 bxc6 29. Qg4 Qxg4 30. hxg4 Rxd6 31. Rxe5 Ne6 32. Rae1 Nd4 33. Rxc5 Kg7 34. Ra5 f3 35. Rxa6 Ne2+ 36. Kf1 fxg2+ 37. Kxg2 Nf4+ 38. Kg3 g5 39. b4 Rh6 40. Kf3 Rh3+ 41. Ke4 Rb3 42. Kf5 Nd5 43. Rxc6 Rf3+ 44. Ke4 Rd3 45. Rc7+ Nxc7 46. Kxd3 Kg6 47. Kc4 1-0

[Event "XVII Orsha-2019 Open"]
[Site "Orsha"]
[Date "2019.01.21"]
[Round "6.19"]
[White "Karas, Andrei"]
[Black "Pogosian, Georgy"]
[Result "0-1"]
[ECO "C05"]
[WhiteElo "1422"]
[BlackElo "2090"]
[PlyCount "44"]
[EventDate "2019.01.18"]
[EventType "swiss"]
[EventCountry "BLR"]
[TimeControl "5400+30"]

1. e4 e6 2. d4 d5 3. Nd2 Nf6 4. e5 Nfd7 5. f4 c5 6. c3 Nc6 7. Ndf3 cxd4 8. cxd4 Nb6 9. b3 a5 10. Be3 Bd7 11. Bb5 Nxe5 12. Nxe5 Bxb5 13. Qh5 Bb4+ 14. Kf2 O-O 15. Ngf3 f6 16. Ng4 Be8 17. Qh4 Nc8 18. Nge5 Nd6 19. Nd3 Ne4+ 20. Ke2 Bb5 21. Nfe1 Rc8 22. a3 Bxe1 0-1

[Event "XVII Orsha-2019 Open"]
[Site "Orsha"]
[Date "2019.01.21"]
[Round "6.20"]
[White "Nikolaev, Dmitry"]
[Black "Vifleemskaia, Svetlana"]
[Result "1-0"]
[ECO "A29"]
[WhiteElo "1634"]
[BlackElo "2030"]
[PlyCount "63"]
[EventDate "2019.01.18"]
[EventType "swiss"]
[EventCountry "BLR"]
[TimeControl "5400+30"]

1. Nf3 Nc6 2. g3 d5 3. Bg2 e5 4. d3 Nf6 5. O-O Be7 6. a3 a5 7. c4 O-O 8. cxd5 Nxd5 9. Nc3 Nb6 10. Be3 Be6 11. Ne4 Bd5 12. Nc5 Nd4 13. b4 Nxf3+ 14. Bxf3 Bxf3 15. exf3 Qd5 16. d4 exd4 17. Bxd4 Rfd8 18. Qe2 Qxd4 19. Qxe7 axb4 20. Nxb7 Rdb8 21. Rad1 Qf6 22. Qxc7 Qxf3 23. axb4 h5 24. Nd6 h4 25. b5 hxg3 26. fxg3 Qe3+ 27. Kh1 f6 28. Nf5 Qg5 29. h4 Qg4 30. Rd4 Nd5 31. Qxb8+ Rxb8 32. Rxg4 1-0

[Event "XVII Orsha-2019 Open"]
[Site "Orsha"]
[Date "2019.01.21"]
[Round "6.21"]
[White "Khobotova, Olesia"]
[Black "Tsesler, Yakau"]
[Result "0-1"]
[ECO "B42"]
[WhiteElo "1978"]
[BlackElo "1895"]
[PlyCount "130"]
[EventDate "2019.01.18"]
[EventType "swiss"]
[EventCountry "BLR"]
[TimeControl "5400+30"]

1. e4 c5 2. Nf3 a6 3. c4 e6 4. Nc3 d6 5. d4 cxd4 6. Nxd4 Nf6 7. Bd3 b6 8. O-O Bb7 9. b3 Nbd7 10. Qe2 Be7 11. Bb2 Qc7 12. Rae1 O-O 13. Kh1 Rfe8 14. f4 e5 15. Nf5 Bf8 16. g4 g6 17. Ng3 exf4 18. Rxf4 d5 19. Qf1 dxe4 20. Ncxe4 Nxe4 21. Nxe4 Nc5 22. Kg1 Nxe4 23. Bxe4 Bc5+ 24. Kg2 Rxe4 25. Rfxe4 Qe7 26. Qf3 Qd7 27. Kh3 Bxe4 28. Qxe4 Rf8 29. Qe5 Qd3+ 30. Kg2 f6 31. Qe6+ Kg7 32. g5 Qd2+ 33. Qe2 Qxg5+ 34. Kh1 Rf7 35. Bc1 Qh4 36. Qd2 Qg4 37. Qh6+ Kg8 38. Re8+ Rf8 39. Rxf8+ Bxf8 40. Qd2 Qf3+ 41. Qg2 Qd1+ 42. Qg1 Qxg1+ 43. Kxg1 Kf7 44. Kf2 Ke6 45. Kf3 f5 46. a3 a5 47. h3 Bc5 48. Kf4 h6 49. h4 Be7 50. Kg3 g5 51. hxg5 hxg5 52. b4 axb4 53. axb4 f4+ 54. Kg4 Bxb4 55. Kxg5 f3 56. Be3 Bc5 57. Kf4 f2 58. Bxf2 Bxf2 59. Ke4 Kd6 60. Kd3 Kc5 61. Kc3 Bd4+ 62. Kb3 Bf6 63. Kc2 Kxc4 64. Kb1 Kb3 65. Kc1 Ka2 0-1

[Event "XVII Orsha-2019 Open"]
[Site "Orsha"]
[Date "2019.01.21"]
[Round "6.22"]
[White "Kuleba, Ivan"]
[Black "Parshin, Maxim"]
[Result "0-1"]
[ECO "B41"]
[WhiteElo "1617"]
[BlackElo "1956"]
[PlyCount "96"]
[EventDate "2019.01.18"]
[EventType "swiss"]
[EventCountry "BLR"]
[TimeControl "5400+30"]

1. c4 c5 2. Nf3 Nf6 3. Nc3 e6 4. d4 cxd4 5. Nxd4 a6 6. e4 d6 7. Be3 Be7 8. Be2 Nbd7 9. a3 Qc7 10. Rc1 b6 11. b4 Bb7 12. f3 Rc8 13. O-O O-O 14. Nb3 Qb8 15. Qd2 Bd8 16. Rfd1 Bc7 17. Bf4 Ne8 18. Bf1 Rd8 19. Qf2 Ndf6 20. b5 Nd7 21. Qg3 a5 22. Na4 Kh8 23. Qf2 h6 24. g3 Nef6 25. Be3 Nc5 26. Nbxc5 dxc5 27. Bg2 Ba8 28. Kf1 Be5 29. Nxb6 Bxe4 30. Bxc5 Rg8 31. fxe4 Ng4 32. Qe2 Nxh2+ 33. Kg1 Bxg3 34. Rxd8 Qxd8 35. Rd1 Qg5 36. Be3 Qg6 37. c5 Ng4 38. c6 Qh5 39. Bf3 Bh2+ 40. Kf1 Qh3+ 41. Ke1 Qh4+ 42. Bf2 Nxf2 43. Qxf2 Bg3 44. Rd2 f5 45. c7 fxe4 46. Bxe4 Qxe4+ 47. Re2 Bxf2+ 48. Kxf2 Qd4+ 0-1

[Event "XVII Orsha-2019 Open"]
[Site "Orsha"]
[Date "2019.01.21"]
[Round "6.23"]
[White "Sukalina, Alina"]
[Black "Dmitriev, Nikolay"]
[Result "0-1"]
[ECO "A59"]
[WhiteElo "1546"]
[BlackElo "1923"]
[PlyCount "98"]
[EventDate "2019.01.18"]
[EventType "swiss"]
[EventCountry "BLR"]
[TimeControl "5400+30"]

1. d4 Nf6 2. c4 c5 3. d5 b5 4. cxb5 a6 5. bxa6 Bxa6 6. Nc3 g6 7. e4 Bxf1 8. Kxf1 d6 9. g3 Bg7 10. Nf3 O-O 11. Kg2 Nbd7 12. Qc2 Ng4 13. b3 Qa5 14. Bd2 Qa6 15. a4 c4 16. h3 cxb3 17. Qxb3 Rfb8 18. Qc2 Nge5 19. Nd4 Qc4 20. Ndb5 Nd3 21. Qa2 N7e5 22. Be3 Nb4 23. Qxc4 Nxc4 24. Bd4 Nc2 25. Rad1 Nxd4 26. Nxd4 Rb2 27. Rhe1 Nb6 28. Re2 Rb4 29. Ncb5 Raxa4 30. Red2 h5 31. Kf3 Nd7 32. Ke2 Nc5 33. Ke3 Nb3 34. Rd3 Nc5 35. R3d2 g5 36. f4 Ra5 37. fxg5 Raxb5 38. Nxb5 Rxb5 39. h4 Rb3+ 40. Ke2 Nxe4 41. Rd3 Rb2+ 42. Kf3 Nf2 43. R1d2 Nxd3 44. Rxd3 Be5 45. Ra3 Rd2 46. Ra7 Rxd5 47. Rxe7 Rd3+ 48. Ke4 Rxg3 49. Kd5 Rg4 0-1

[Event "XVII Orsha-2019 Open"]
[Site "Orsha"]
[Date "2019.01.21"]
[Round "6.24"]
[White "Abrazevich, Yauheni"]
[Black "Dolgopyatov, Andrey"]
[Result "1-0"]
[ECO "B77"]
[WhiteElo "1914"]
[BlackElo "1393"]
[PlyCount "79"]
[EventDate "2019.01.18"]
[EventType "swiss"]
[EventCountry "BLR"]
[TimeControl "5400+30"]

1. e4 c5 2. Nf3 d6 3. d4 cxd4 4. Nxd4 Nf6 5. Nc3 g6 6. Be3 Bg7 7. f3 Nc6 8. Qd2 O-O 9. Bc4 a6 10. O-O-O Qc7 11. Bb3 b5 12. Nxc6 Qxc6 13. Nd5 Qb7 14. Nxf6+ Bxf6 15. Bd5 Qb8 16. Bxa8 Qxa8 17. Bg5 Bxg5 18. Qxg5 Qb7 19. h4 Be6 20. Kb1 Qc6 21. Qxe7 Rc8 22. Rd2 Qc4 23. b3 Qc3 24. Qxd6 a5 25. Qd4 Qc7 26. h5 a4 27. h6 f5 28. Qg7+ Qxg7 29. hxg7 Kxg7 30. Rd6 Bf7 31. Rb6 axb3 32. axb3 Rc5 33. Rd1 fxe4 34. fxe4 Re5 35. Rb7 Rxe4 36. Rf1 Re2 37. Rfxf7+ Kh6 38. Rxh7+ Kg5 39. Rxb5+ Kf6 40. g4 1-0

[Event "XVII Orsha-2019 Open"]
[Site "Orsha"]
[Date "2019.01.21"]
[Round "6.26"]
[White "Budnikov, Sergei"]
[Black "Klachkou, Platon"]
[Result "1-0"]
[ECO "A48"]
[WhiteElo "2152"]
[BlackElo "1771"]
[PlyCount "73"]
[EventDate "2019.01.18"]
[EventType "swiss"]
[EventCountry "BLR"]
[TimeControl "5400+30"]

1. d4 Nf6 2. Bf4 d6 3. e3 g6 4. h3 Bg7 5. Nf3 O-O 6. Be2 Nbd7 7. O-O Qe8 8. c4 e5 9. Bh2 Qe7 10. Nc3 c6 11. Qc2 Ne8 12. b4 a5 13. a3 f5 14. dxe5 dxe5 15. c5 e4 16. Nd4 Ne5 17. Na4 Nc7 18. Nb6 Ra7 19. Nc4 axb4 20. axb4 Rxa1 21. Rxa1 Nd5 22. Qb3 Kh8 23. Nd6 Be6 24. Ra7 Rb8 25. Bxe5 Bxe5 26. Nxc6 Qg5 27. Nxe5 Kg7 28. Bc4 f4 29. Bxd5 Bxh3 30. Bxe4 Re8 31. Rxb7+ Kh6 32. Nef7+ Kh5 33. Nxg5 Rxe4 34. Ndxe4 fxe3 35. Rxh7+ Kg4 36. Qe6+ Kf4 37. g3# 1-0

[Event "XVII Orsha-2019 Open"]
[Site "Orsha"]
[Date "2019.01.21"]
[Round "6.27"]
[White "Elkin, Leonid"]
[Black "Sokolov, Sergey"]
[Result "1-0"]
[ECO "D35"]
[WhiteElo "2085"]
[BlackElo "1756"]
[PlyCount "77"]
[EventDate "2019.01.18"]
[EventType "swiss"]
[EventCountry "BLR"]
[TimeControl "5400+30"]

1. d4 Nf6 2. c4 e6 3. Nc3 d5 4. cxd5 exd5 5. Bg5 Be7 6. e3 c6 7. Bd3 Bg4 8. Qc2 Nbd7 9. f3 Bh5 10. Nge2 Bg6 11. e4 dxe4 12. fxe4 O-O 13. O-O Ng4 14. Bf4 Bg5 15. Qd2 Bxf4 16. Qxf4 Ngf6 17. Kh1 Re8 18. Rad1 Qb6 19. e5 Nd5 20. Nxd5 cxd5 21. Nc3 Qe6 22. Nb5 Rec8 23. Nd6 Rc7 24. Bxg6 fxg6 25. Qf7+ Qxf7 26. Rxf7 Rf8 27. Re7 h5 28. Nb5 Rc2 29. Rxd7 Rxb2 30. Rxb7 Rff2 31. Rg1 Rxa2 32. Rxa7 Rab2 33. Nc3 Rbd2 34. Ra4 h4 35. h3 g5 36. Nxd5 g4 37. hxg4 h3 38. e6 hxg2+ 39. Kh2 1-0

[Event "XVII Orsha-2019 Open"]
[Site "Orsha"]
[Date "2019.01.21"]
[Round "6.28"]
[White "Petrosyan, Sahak"]
[Black "Katkov, Mikhail"]
[Result "1-0"]
[ECO "B01"]
[WhiteElo "1835"]
[BlackElo "1916"]
[PlyCount "113"]
[EventDate "2019.01.18"]
[EventType "swiss"]
[EventCountry "BLR"]
[TimeControl "5400+30"]

1. e4 d5 2. exd5 Qxd5 3. d4 Nf6 4. c4 Qd8 5. Nc3 e6 6. Be3 Be7 7. Be2 c6 8. Qc2 b6 9. Bf3 Bb7 10. Nge2 Qc7 11. O-O O-O 12. Ne4 Nxe4 13. Bxe4 h6 14. f4 f5 15. Bf3 Nd7 16. Nc3 a6 17. Qe2 c5 18. Bxb7 Qxb7 19. Bf2 cxd4 20. Qxe6+ Rf7 21. Bxd4 Bc5 22. Bxc5 Nxc5 23. Qd5 Ne4 24. Qxb7 Rxb7 25. Nxe4 fxe4 26. Rfe1 Re8 27. Rad1 Rbe7 28. Re3 g6 29. Rd4 Kf7 30. Kf2 h5 31. Re2 Kf6 32. Ke3 Re6 33. Red2 a5 34. Rd6 R8e7 35. R2d5 Re8 36. a4 R8e7 37. c5 bxc5 38. Rxe6+ Rxe6 39. Rxc5 Rb6 40. Rb5 Ra6 41. g3 Ke6 42. Kxe4 Kf6 43. h3 Ke6 44. g4 hxg4 45. hxg4 Kd7 46. g5 Ke7 47. f5 gxf5+ 48. Kxf5 Kf7 49. Rb7+ Kf8 50. Rb5 Kf7 51. g6+ Kg7 52. Rb7+ Kg8 53. Kg5 Kh8 54. Kh6 Ra8 55. b4 axb4 56. Rxb4 Kg8 57. a5 1-0

[Event "XVII Orsha-2019 Open"]
[Site "Orsha"]
[Date "2019.01.21"]
[Round "6.29"]
[White "Poliakova, Varvara"]
[Black "Bialiauski, Artsiom"]
[Result "0-1"]
[ECO "C54"]
[WhiteElo "1835"]
[BlackElo "1914"]
[PlyCount "118"]
[EventDate "2019.01.18"]
[EventType "swiss"]
[EventCountry "BLR"]
[TimeControl "5400+30"]

1. e4 e5 2. Nf3 Nc6 3. Bc4 Bc5 4. d3 Nf6 5. c3 d6 6. Nbd2 O-O 7. Bb3 b5 8. Nf1 Bb6 9. Ng3 Ne7 10. O-O Ng6 11. a4 c6 12. h3 h6 13. Re1 Re8 14. Be3 Bd7 15. Qd2 Bxe3 16. fxe3 d5 17. exd5 cxd5 18. d4 Qc7 19. Qf2 e4 20. Nd2 Ne7 21. Rf1 Rf8 22. Ne2 a6 23. axb5 Bxb5 24. Rfc1 Qb7 25. Ng3 Rab8 26. Ra2 Rfc8 27. Rca1 Rc6 28. Bd1 Nd7 29. Nb3 Rf6 30. Qe1 Qc7 31. Nd2 Rfb6 32. Bb3 g6 33. Rc1 Rc6 34. Ne2 g5 35. Ng3 Rf8 36. Qf2 f5 37. Bxd5+ Nxd5 38. Nxf5 Bd3 39. g4 Kh7 40. Re1 Ne7 41. Nf1 Nxf5 42. gxf5 Nf6 43. Ng3 h5 44. Raa1 h4 45. Ne2 Nh5 46. d5 Rcf6 47. Nd4 Qe5 48. Qg2 Ng3 49. Ne6 Rg8 50. Nc5 Bb5 51. c4 Be8 52. Rxa6 Rxa6 53. Nxa6 g4 54. Nc5 gxh3 55. Qxh3 Bh5 56. Ne6 Nxf5+ 57. Kf1 Ng3+ 58. Kg1 Ne2+ 59. Kf1 Rg1+ 0-1

[Event "XVII Orsha-2019 Open"]
[Site "Orsha"]
[Date "2019.01.21"]
[Round "6.30"]
[White "Prutskov, Aleksei"]
[Black "Zeliantsova, Kseniya"]
[Result "1-0"]
[ECO "E68"]
[WhiteElo "1824"]
[BlackElo "1858"]
[PlyCount "79"]
[EventDate "2019.01.18"]
[EventType "swiss"]
[EventCountry "BLR"]
[TimeControl "5400+30"]

1. d4 Nf6 2. Nf3 g6 3. g3 Bg7 4. Bg2 d6 5. O-O O-O 6. c4 Nbd7 7. Nc3 e5 8. e4 Re8 9. d5 Nc5 10. Ne1 a5 11. Nd3 Nfd7 12. Be3 b6 13. a3 f5 14. f3 Qf6 15. Nb5 Qd8 16. Nxc5 bxc5 17. b4 f4 18. Bf2 axb4 19. axb4 Ba6 20. bxc5 Nxc5 21. Bxc5 dxc5 22. d6 Bxb5 23. Rxa8 Qxa8 24. cxb5 cxd6 25. Qxd6 Bf8 26. Qd3 Qa4 27. Rb1 Qd4+ 28. Qxd4 exd4 29. Bf1 Bd6 30. Kf2 Be5 31. b6 Kf8 32. b7 Ke7 33. Bh3 g5 34. Bc8 Bb8 35. Rb6 Rd8 36. Rc6 d3 37. Ke1 fxg3 38. hxg3 Bxg3+ 39. Kd1 Rf8 40. e5 1-0

[Event "XVII Orsha-2019 Open"]
[Site "Orsha"]
[Date "2019.01.21"]
[Round "6.31"]
[White "Davidov, Alexey"]
[Black "Kolosovskaya, Olga"]
[Result "0-1"]
[ECO "B40"]
[WhiteElo "1688"]
[BlackElo "1855"]
[PlyCount "110"]
[EventDate "2019.01.18"]
[EventType "swiss"]
[EventCountry "BLR"]
[TimeControl "5400+30"]

1. e4 c5 2. Nf3 e6 3. g3 Nc6 4. Bg2 g6 5. d4 cxd4 6. Nxd4 d6 7. O-O e5 8. Nb3 Be7 9. Nc3 Nf6 10. Bg5 h6 11. Be3 g5 12. Nd5 Nxd5 13. Qxd5 Be6 14. Qb5 Qc7 15. Rfd1 O-O-O 16. a4 h5 17. h3 Kb8 18. a5 a6 19. Qa4 Qc8 20. Kh2 Na7 21. Rac1 h4 22. g4 Qc6 23. Qb4 Rc8 24. Qd2 f6 25. f3 Rhd8 26. Qf2 Nb5 27. Bf1 Nc7 28. Bb6 Rd7 29. c4 Qa4 30. Rc3 Ne8 31. Rdc1 Qb4 32. Qc2 Nc7 33. Bg1 Bf7 34. Qf2 Rcd8 35. Qc2 Ne6 36. Bf2 Nc5 37. Be1 Ne6 38. Rd3 Qa4 39. Ra1 Qc6 40. Bf2 Rc8 41. Rc3 Nc5 42. Rd1 Na4 43. Re3 Bxc4 44. Bxc4 Qxc4 45. Qb1 Qc2 46. Kg2 Qxb1 47. Rxb1 Rc2 48. Ra1 Nc5 49. Rb1 Nxb3 50. Rxb3 d5 51. exd5 Rxd5 52. Rc3 Rxc3 53. bxc3 Rxa5 54. Rb6 Ra2 55. Kf1 Rxf2+ 0-1

[Event "XVII Orsha-2019 Open"]
[Site "Orsha"]
[Date "2019.01.21"]
[Round "6.32"]
[White "Gonov, Sergey"]
[Black "Viikmaa, Karmen"]
[Result "1/2-1/2"]
[ECO "B33"]
[WhiteElo "1905"]
[BlackElo "1706"]
[PlyCount "72"]
[EventDate "2019.01.18"]
[EventType "swiss"]
[EventCountry "BLR"]
[TimeControl "5400+30"]

1. e4 c5 2. Nf3 Nc6 3. d4 cxd4 4. Nxd4 Qb6 5. Nb3 Nf6 6. Nc3 e6 7. Be3 Qc7 8. Nb5 Qb8 9. f3 d5 10. Bg5 dxe4 11. Bxf6 gxf6 12. fxe4 a6 13. N5d4 Qe5 14. Qd3 Nb4 15. Qe2 Bd7 16. c3 Nc6 17. O-O-O Qf4+ 18. Kb1 Ne5 19. g3 Qg4 20. Rg1 Rc8 21. h3 Qg6 22. Nd2 h5 23. N2f3 Bc5 24. Rg2 Ba4 25. b3 Bd7 26. Kb2 Qh6 27. a4 Ke7 28. Ne1 Rhd8 29. Nd3 Nxd3+ 30. Rxd3 b5 31. axb5 axb5 32. b4 Bxb4 33. cxb4 Qc1+ 34. Kb3 Qc4+ 35. Kb2 Qc1+ 36. Kb3 Qc4+ 1/2-1/2

[Event "XVII Orsha-2019 Open"]
[Site "Orsha"]
[Date "2019.01.21"]
[Round "6.33"]
[White "Slesareva, Miraslava"]
[Black "Loshakov, Dmitry"]
[Result "1/2-1/2"]
[ECO "B22"]
[WhiteElo "1626"]
[BlackElo "1852"]
[PlyCount "118"]
[EventDate "2019.01.18"]
[EventType "swiss"]
[EventCountry "BLR"]
[TimeControl "5400+30"]

1. e4 c5 2. c3 d5 3. exd5 Qxd5 4. Nf3 Nc6 5. d4 cxd4 6. cxd4 Bg4 7. Be2 e6 8. Nc3 Bb4 9. O-O Qa5 10. Bd2 Nge7 11. a3 Bxc3 12. bxc3 O-O 13. h3 Bh5 14. Qb3 Qc7 15. Rab1 b6 16. Qb5 Bg6 17. Rbc1 Rfd8 18. Nh4 e5 19. Nxg6 hxg6 20. Be3 exd4 21. cxd4 Qd6 22. Rfd1 Rac8 23. Qb2 Nd5 24. a4 Nxe3 25. fxe3 Qe7 26. Qd2 Re8 27. Bb5 Qd6 28. d5 Ne5 29. Bxe8 Rxe8 30. e4 Qa3 31. d6 Nd7 32. Qc3 Qxa4 33. Qc6 Qxc6 34. Rxc6 f6 35. Rc7 Rd8 36. Rxa7 Kf7 37. Rb7 Ke6 38. Kf2 Ra8 39. Rd2 Ra4 40. Rc2 Rd4 41. Rc6 Rxd6 42. Rxd6+ Kxd6 43. Ra7 b5 44. Ke3 Kc6 45. Kd2 g5 46. Ra8 Nc5 47. Rg8 Nxe4+ 48. Kc2 Kd5 49. Rxg7 Ke5 50. Kd3 Kf4 51. Re7 f5 52. Ke2 Kg3 53. Kf1 b4 54. Rb7 b3 55. Rxb3+ Kh4 56. Rb8 g4 57. hxg4 Kxg4 58. Rg8+ Kf4 59. Rf8 Kg4 1/2-1/2

[Event "XVII Orsha-2019 Open"]
[Site "Orsha"]
[Date "2019.01.21"]
[Round "6.34"]
[White "Ivanov, Igor"]
[Black "Gusenkova, Karina"]
[Result "1/2-1/2"]
[ECO "A07"]
[WhiteElo "2131"]
[BlackElo "1642"]
[PlyCount "174"]
[EventDate "2019.01.18"]
[EventType "swiss"]
[EventCountry "BLR"]
[TimeControl "5400+30"]

1. Nf3 d5 2. d3 Nf6 3. g3 g6 4. Bg2 Bg7 5. O-O O-O 6. Bf4 c6 7. Nc3 Nbd7 8. Qd2 Re8 9. Ne5 Nh5 10. Nxd7 Nxf4 11. Qxf4 Bxd7 12. Qd2 Qb6 13. Rab1 Rad8 14. e3 e5 15. Ne2 Be6 16. d4 Bg4 17. dxe5 Bxe5 18. Rfe1 h5 19. c3 Qc7 20. Nd4 Kg7 21. Nf3 Bd6 22. a3 a6 23. Qd4+ Kg8 24. Rbd1 Bf8 25. Rd2 Bg7 26. Qa4 Bf6 27. Qf4 Qxf4 28. gxf4 Kg7 29. Nd4 Kh6 30. Kf1 g5 31. fxg5+ Bxg5 32. Nf3 Bf6 33. Nd4 h4 34. f3 Bc8 35. f4 h3 36. Bf3 Bh4 37. Ree2 Bd7 38. e4 c5 39. Nf5+ Bxf5 40. exf5 Rxe2 41. Kxe2 d4 42. Bxb7 a5 43. cxd4 cxd4 44. Be4 Be7 45. Bf3 Kg7 46. Bg4 Kf6 47. Bxh3 Rh8 48. Rd3 Rb8 49. b3 Bxa3 50. Kf3 Bc5 51. Ke4 Rd8 52. Bg4 Rg8 53. h3 Rd8 54. Rd1 Rb8 55. Kd5 Bf8 56. Rd3 Rb4 57. h4 Bh6 58. Ke4 a4 59. bxa4 Rxa4 60. Bd1 Rb4 61. Bb3 Kg7 62. Ke5 Rb5+ 63. Bd5 Bxf4+ 64. Kxf4 Rxd5 65. Ke4 Ra5 66. Rxd4 Ra1 67. Ke5 Re1+ 68. Re4 Rg1 69. h5 Rh1 70. Rg4+ Kf8 71. Rg5 Ke7 72. f6+ Kf8 73. Rf5 Rh4 74. Kd6 Rd4+ 75. Rd5 Rh4 76. Kc6 Kg8 77. Rf5 Kf8 78. Ra5 Kg8 79. Kd6 Rd4+ 80. Rd5 Rh4 81. Re5 Kf8 82. Rg5 Rd4+ $11 83. Ke5 Rh4 84. Kf5 Rh1 85. Ke4 Rh4+ 86. Kf3 Rh1 87. Ra5 Rf1+ 1/2-1/2

[Event "XVII Orsha-2019 Open"]
[Site "Orsha"]
[Date "2019.01.21"]
[Round "6.35"]
[White "Simonian, Anna"]
[Black "Sychou, Dzmitry"]
[Result "0-1"]
[ECO "B28"]
[WhiteElo "1289"]
[BlackElo "1847"]
[PlyCount "124"]
[EventDate "2019.01.18"]
[EventType "swiss"]
[EventCountry "BLR"]
[TimeControl "5400+30"]

1. e4 c5 2. Nf3 a6 3. d4 cxd4 4. Nxd4 Nf6 5. Nc3 e5 6. Nb3 Bb4 7. Bd3 d5 8. Bd2 Bxc3 9. Bxc3 dxe4 10. Be2 Qxd1+ 11. Rxd1 Nc6 12. O-O O-O 13. Rd6 Ne8 14. Rd2 Nc7 15. Nc5 f5 16. Bc4+ Kh8 17. Bb3 Nb5 18. Nd7 Bxd7 19. Rxd7 Nxc3 20. bxc3 Rad8 21. Rxb7 Na5 22. Rb6 Nxb3 23. cxb3 Rf6 24. Rb7 h6 25. Re7 Rd2 26. Rxe5 Rxa2 27. Rd1 Ra3 28. Re8+ Kh7 29. Rb8 Rd6 30. Rc1 Ra2 31. Re8 Rdd2 32. Rf1 Rdb2 33. Re5 Kg6 34. b4 Rc2 35. c4 Rxc4 36. b5 a5 37. b6 Rb4 38. Re6+ Kf7 39. Rc6 Rab2 40. Rc7+ Kf6 41. Ra7 Ra2 42. b7 a4 43. h3 Rbb2 44. Rc1 e3 45. fxe3 Rxg2+ 46. Kf1 Rh2 47. Kg1 Rhb2 48. Rc6+ Kg5 49. Rc1 g6 50. Rd1 Kh4 51. Ra6 Kg5 52. h4+ Kh5 53. b8=Q Rxb8 54. Kh1 Rbb2 55. Kg1 g5 56. hxg5 hxg5 57. Ra5 Kg4 58. Rd4+ f4 59. Rd1 Rg2+ 60. Kf1 Raf2+ 61. Ke1 Kf3 62. exf4 Rg1# 0-1

[Event "XVII Orsha-2019 Open"]
[Site "Orsha"]
[Date "2019.01.21"]
[Round "6.36"]
[White "Dolgopyatov, Evgeniy"]
[Black "Poghosyan, Sarmen"]
[Result "1/2-1/2"]
[ECO "D03"]
[WhiteElo "1661"]
[BlackElo "1361"]
[PlyCount "52"]
[EventDate "2019.01.18"]
[EventType "swiss"]
[EventCountry "BLR"]
[TimeControl "5400+30"]

1. d4 d5 2. Nf3 Nf6 3. Bg5 e6 4. e3 Be7 5. Bd3 O-O 6. Nbd2 c5 7. c3 Nc6 8. O-O h6 9. Bh4 Nd7 10. Bg3 f5 11. Ne5 Ndxe5 12. dxe5 Bh4 13. Bxh4 Qxh4 14. f4 Qd8 15. Rf3 g5 16. Rh3 g4 17. Rxh6 Nxe5 18. Bc2 Kg7 19. Rh5 Nf7 20. h3 gxh3 21. Rxh3 Rh8 22. Qf3 Qf6 23. Rxh8 Nxh8 24. Qg3+ Qg6 25. Qxg6+ Nxg6 26. Nf3 Bd7 1/2-1/2

[Event "XVII Orsha-2019 Open"]
[Site "Orsha"]
[Date "2019.01.21"]
[Round "6.37"]
[White "Borodulin, Pavel"]
[Black "Gabdrakipov, Kirill"]
[Result "0-1"]
[ECO "D53"]
[WhiteElo "1481"]
[BlackElo "1901"]
[PlyCount "108"]
[EventDate "2019.01.18"]
[EventType "swiss"]
[EventCountry "BLR"]
[TimeControl "5400+30"]

1. d4 d5 2. c4 Nc6 3. Nc3 Nf6 4. Bg5 e6 5. e3 Be7 6. Nf3 h6 7. Bh4 Ne4 8. Bxe7 Qxe7 9. Nxe4 dxe4 10. Nd2 f5 11. Qh5+ Qf7 12. Qxf7+ Kxf7 13. Be2 b6 14. O-O Bb7 15. Rfd1 Rad8 16. Rac1 Ne7 17. c5 Bd5 18. a3 Rd7 19. Bb5 c6 20. Bc4 b5 21. Be2 a5 22. h3 Rb8 23. Kh2 a4 24. g3 Rdb7 25. Kg2 b4 26. Nc4 Bxc4 27. Bxc4 bxa3 28. bxa3 Rb2 29. Re1 Nd5 30. Kf1 Nc7 31. Re2 Rxe2 32. Kxe2 Rb2+ 33. Ke1 Ke7 34. Ra1 g5 35. Be2 Nd5 36. Bc4 Nc3 37. g4 f4 38. exf4 gxf4 39. h4 Nb1 40. g5 hxg5 41. hxg5 Nd2 42. Be2 f3 43. Bd1 e3 44. fxe3 f2+ 45. Kxf2 Nb3+ 46. Kf3 Nxa1 47. Bxa4 Nc2 48. Bxc2 Rxc2 49. Kf4 Ra2 50. e4 Rxa3 51. Ke5 Rf3 52. d5 cxd5 53. exd5 Rf5+ 54. Ke4 Rxd5 0-1

[Event "XVII Orsha-2019 Open"]
[Site "Orsha"]
[Date "2019.01.21"]
[Round "6.38"]
[White "Masterova, Daria"]
[Black "Vlasov, Andrey"]
[Result "0-1"]
[ECO "B12"]
[WhiteElo "1500"]
[BlackElo "2316"]
[PlyCount "126"]
[EventDate "2019.01.18"]
[EventType "swiss"]
[EventCountry "BLR"]
[TimeControl "5400+30"]

1. e4 c6 2. d4 d5 3. e5 Bf5 4. Bd3 Bxd3 5. Qxd3 e6 6. Be3 Nd7 7. Nf3 Ne7 8. O-O Nf5 9. Nbd2 c5 10. c3 c4 11. Qc2 b5 12. b4 Nb6 13. Bf4 Be7 14. h3 O-O 15. g4 Nh4 16. Nxh4 Bxh4 17. Kg2 a5 18. a3 Be7 19. Nf3 Ra7 20. h4 Qa8 21. Qb1 axb4 22. axb4 Na4 23. Bd2 Qb7 24. Rh1 Rfa8 25. g5 Rf8 26. Kg3 Qc7 27. Nh2 f6 28. f4 fxe5 29. fxe5 Bd8 30. Rf1 Rf7 31. g6 Rxf1 32. gxh7+ Kh8 33. Nxf1 g6 34. Qxg6 Qg7 35. h5 Qxg6+ 36. hxg6 Rg7 37. Ne3 Rxg6+ 38. Ng4 Kxh7 39. Rh1+ Kg7 40. Kf3 Bg5 41. Be1 Be7 42. Rh2 Bg5 43. Kg3 Bc1 44. Rc2 Bb2 45. Kf3 Rg5 46. Nf6 Rg1 47. Kf2 Rxe1 48. Kxe1 Bxc3+ 49. Rxc3 Nxc3 50. Ne8+ Kf7 51. Nd6+ Ke7 52. Kd2 Na2 53. Nxb5 Nxb4 54. Kc3 Nc6 55. Nd6 Kf8 56. Nb7 Kg7 57. Nd6 Kg6 58. Ne4 dxe4 59. Kxc4 Ne7 60. Kc5 Kg7 61. d5 exd5 62. Kd6 Kf7 63. e6+ Kf6 0-1

[Event "XVII Orsha-2019 Open"]
[Site "Orsha"]
[Date "2019.01.21"]
[Round "6.39"]
[White "Platnitski, Siarhei"]
[Black "Kulikov, Egor"]
[Result "1/2-1/2"]
[ECO "A31"]
[WhiteElo "1383"]
[BlackElo "1557"]
[PlyCount "85"]
[EventDate "2019.01.18"]
[EventType "swiss"]
[EventCountry "BLR"]
[TimeControl "5400+30"]

1. c4 b6 2. Nc3 Bb7 3. Nf3 c5 4. d4 cxd4 5. Nxd4 a6 6. e4 d6 7. Be3 Nf6 8. f3 Nbd7 9. Be2 e6 10. O-O Be7 11. Qd2 O-O 12. Rac1 Rc8 13. Rfd1 Qc7 14. a3 Rfd8 15. b4 Qb8 16. Nb3 Ba8 17. Bf4 Ne5 18. Bxe5 dxe5 19. Qe3 Rxd1+ 20. Rxd1 a5 21. Na2 Qc7 22. Qc3 axb4 23. axb4 Nd7 24. Nac1 f5 25. Nd2 Nf6 26. Bd3 g6 27. Ne2 Bb7 28. Ng3 Kf7 29. Kf1 Bd6 30. Qb3 Ke7 31. Ke2 Qd7 32. Rb1 Ba6 33. Ra1 Ra8 34. b5 Bb7 35. Rxa8 Bxa8 36. Qa4 Qb7 37. Nb3 Nd7 38. Nf1 Bc5 39. Nfd2 Qb8 40. Qa2 Bb7 41. Qa1 Bb4 42. Qa2 Bc5 43. Qa1 1/2-1/2